Construct Section Command Post
Selects Australian Defense Battlegroup
Selects Australian Light Infantry Section
Australian Light Infantry Section
Construct Platoon Command Post
Selects 2-pounder Anti-tank Gun Team
2-pounder Anti-tank Gun Team
Selects CMP 15cwt Supply Run
Selects Reinforced Resource Caches
Construct Company Command Post
Construct Company Command Post
Selects Vehicle Over Repair
Unlock Bishop Self-propelled Artillery
Unlock M3 Grant Medium Tanks
Selects Charged Creeping Barrage